TOP OF THE 1ST |
Randall HS Raiders batting - Pitching for H.H. Dow HS Chargers : RHP Sergio Romero
|
Pitching: RHP Sergio Romero
|
|
Batting: RHB Earl Godwin
|
0-0: Swinging Strike 0-1: Ball 1-1: Ball 2-1: Called Strike 2-2: Ball 3-2: SINGLE (Flyball, 4MD)
|
Batting: LHB Bo Rush
|
0-0: Ball 1-0: Called Strike 1-1: Foul Ball, location: 2F 1-2: Grounds into double play, 1-6-3 (Groundball, 25)
|
Batting: RHB Bryant von Bohlen
|
0-0: Ground out 1-3 (Groundball, 15S)
|
Top of the 1st over - 0 run(s), 1 hit(s), 0 error(s), 0 left on base; Randall HS 0 - H.H. Dow HS 0 |
BOTTOM OF THE 1ST |
H.H. Dow HS Chargers batting - Pitching for Randall HS Raiders : LHP Doug Ledoux
|
Pitching: LHP Doug Ledoux
|
|
Batting: RHB Kris Ballard
|
0-0: Ball 1-0: Ball 2-0: Foul Ball, location: 2F 2-1: Ground out 3-1 (Groundball, 34)
|
Batting: RHB Matt Osborne
|
0-0: Called Strike 0-1: Foul Ball, location: 2F 0-2: Ball 1-2: Foul Ball, location: 2F 1-2: Foul Ball, location: 2F 1-2: Foul Ball, location: 2F 1-2: Fly out, F3 (Popup, 3SF)
|
Batting: SHB Caden Keith
|
0-0: Fly out, F8 (Flyball, 8LM)
|
Bottom of the 1st over - 0 run(s), 0 hit(s), 0 error(s), 0 left on base; Randall HS 0 - H.H. Dow HS 0 |
TOP OF THE 2ND |
Randall HS Raiders batting - Pitching for H.H. Dow HS Chargers : RHP Sergio Romero
|
Batting: RHB Rod Daniels
|
0-0: Called Strike 0-1: Ball 1-1: Ball 2-1: Swinging Strike 2-2: Ball 3-2: Strikes out swinging
|
Batting: RHB Rob Cooper
|
0-0: Foul Ball, location: 2F 0-1: Hit by Pitch
|
Batting: SHB Bryan Long
|
0-0: Ball 1-0: Foul Ball, location: 2F 1-1: Swinging Strike Balk! Rob Cooper to second 1-2: DOUBLE (Line Drive, 56) Rob Cooper scores
|
Batting: RHB Tim Glendonwyn
|
0-0: Fly out, F8 (Flyball, 8RM)
|
Batting: RHB Paul Liddle
|
0-0: Ball 1-0: Called Strike 1-1: Ground out 6-3 (Groundball, 6)
|
Top of the 2nd over - 1 run(s), 1 hit(s), 0 error(s), 1 left on base; Randall HS 1 - H.H. Dow HS 0 |
BOTTOM OF THE 2ND |
H.H. Dow HS Chargers batting - Pitching for Randall HS Raiders : LHP Doug Ledoux
|
Batting: LHB José Morales
|
0-0: Called Strike 0-1: Swinging Strike 0-2: Ball 1-2: Ball 2-2: Foul Ball, location: 2F 2-2: Strikes out swinging
|
Batting: RHB Jesús Domínguez
|
0-0: Ball 1-0: Called Strike 1-1: Swinging Strike 1-2: Ball 2-2: Ball 3-2: Foul Ball, location: 2F 3-2: Foul Ball, location: 2F 3-2: Foul Ball, location: 2F 3-2: Foul Ball, location: 2F 3-2: SINGLE (Line Drive, 34)
|
Batting: RHB Tanner Albert
|
0-0: Ball 1-0: Ball 2-0: Fly out, F9 (Flyball, 9LMF)
|
Batting: LHB Paul Cotton
|
0-0: Called Strike 0-1: Swinging Strike 0-2: Ground out U3 (Groundball, 3)
|
Bottom of the 2nd over - 0 run(s), 1 hit(s), 0 error(s), 1 left on base; Randall HS 1 - H.H. Dow HS 0 |
TOP OF THE 3RD |
Randall HS Raiders batting - Pitching for H.H. Dow HS Chargers : RHP Sergio Romero
|
Batting: LHB Tom Craft
|
0-0: Ball 1-0: SINGLE (Groundball, 25) (infield hit)
|
Batting: RHB Earl Godwin
|
0-0: Ball 1-0: Ball 2-0: Ball 3-0: Base on Balls Tom Craft to second
|
Batting: LHB Bo Rush
|
0-0: Ball 1-0: Swinging Strike 1-1: Fly out, F4 (Line Drive, 4)
|
Batting: RHB Bryant von Bohlen
|
0-0: Ball 1-0: Swinging Strike 1-1: Foul Ball, location: 2F 1-2: Foul Ball, location: 2F 1-2: Grounds into double play, 1-6-3 (Groundball, 15S)
|
Top of the 3rd over - 0 run(s), 1 hit(s), 0 error(s), 1 left on base; Randall HS 1 - H.H. Dow HS 0 |
BOTTOM OF THE 3RD |
H.H. Dow HS Chargers batting - Pitching for Randall HS Raiders : LHP Doug Ledoux
|
Batting: LHB Larry Battle
|
0-0: Ball 1-0: Ball 2-0: Ball 3-0: Called Strike 3-1: Base on Balls
|
Batting: LHB Gary Powers
|
0-0: SINGLE (Groundball, 34) Larry Battle to second Runner from 2nd tries for 3rd, SAFE, no throw or cutoff
|
Batting: RHB Kris Ballard
|
0-0: Ball Single, Error in OF, E8, batter to second base Larry Battle scores Gary Powers to third
|
Pitching: RHP Millard Manning
|
|
Batting: RHB Matt Osborne
|
0-0: Ball 1-0: Foul Ball, location: 2F 1-1: Swinging Strike 1-2: Ball 2-2: Foul Ball, location: 2F 2-2: Foul Ball, location: 2F 2-2: Strikes out looking
|
Batting: SHB Caden Keith
|
0-0: Ball 1-0: Called Strike 1-1: Fly out, F5 (Line Drive, 5S)
|
Batting: LHB José Morales
|
0-0: Swinging Strike 0-1: Called Strike 0-2: Foul Ball, location: 2F 0-2: Ball 1-2: Strikes out swinging
|
Bottom of the 3rd over - 1 run(s), 2 hit(s), 1 error(s), 2 left on base; Randall HS 1 - H.H. Dow HS 1 |
TOP OF THE 4TH |
Randall HS Raiders batting - Pitching for H.H. Dow HS Chargers : RHP Sergio Romero
|
Batting: RHB Rod Daniels
|
0-0: Called Strike 0-1: Ball 1-1: Foul Ball, location: 2F 1-2: Foul Ball, location: 2F 1-2: SOLO HOME RUN (Flyball, 78XD), Distance : 413 ft
|
Batting: RHB Rob Cooper
|
0-0: Called Strike 0-1: SINGLE (Line Drive, 7LM)
|
Batting: SHB Bryan Long
|
0-0: Ball 1-0: Ball 2-0: Foul Ball, location: 2F 2-1: Ball 3-1: Base on Balls Rob Cooper to second
|
Batting: RHB Tim Glendonwyn
|
0-0: Ball 1-0: Ball 2-0: Ball 3-0: Base on Balls Rob Cooper to third Bryan Long to second
|
Batting: RHB Paul Liddle
|
0-0: SINGLE (Flyball, 9LM) Rob Cooper scores Bryan Long to third Tim Glendonwyn to second Runner from 3rd tries for Home, SAFE, no throw or cutoff
|
Batting: LHB Tom Craft
|
0-0: Called Strike 0-1: Swinging Strike 0-2: Foul Ball, location: 2F 0-2: Fielders Choice at 2nd, 5-4 (Groundball, 56) Tim Glendonwyn to third
|
Batting: RHB Earl Godwin
|
0-0: Reached on error, E4 (Groundball, 4) Tim Glendonwyn scores Tom Craft to second
|
Batting: LHB Bo Rush
|
0-0: Swinging Strike 0-1: Swinging Strike 0-2: Foul Ball, location: 2F 0-2: Grounds into double play, 4-6-3 (Groundball, 4)
|
Top of the 4th over - 4 run(s), 3 hit(s), 1 error(s), 1 left on base; Randall HS 5 - H.H. Dow HS 1 |
BOTTOM OF THE 4TH |
H.H. Dow HS Chargers batting - Pitching for Randall HS Raiders : RHP Millard Manning
|
Batting: RHB Jesús Domínguez
|
0-0: Called Strike 0-1: Fly out, F9 (Flyball, 9M)
|
Batting: RHB Tanner Albert
|
0-0: Foul Ball, location: 2F 0-1: Ball 1-1: Foul Ball, location: 2F 1-2: Ball 2-2: Foul Ball, location: 2F 2-2: Strikes out looking
|
Batting: LHB Paul Cotton
|
0-0: Foul Ball, location: 2F 0-1: Called Strike 0-2: Ball 1-2: Foul Ball, location: 2F 1-2: Ball 2-2: Strikes out swinging
|
Bottom of the 4th over - 0 run(s), 0 hit(s), 0 error(s), 0 left on base; Randall HS 5 - H.H. Dow HS 1 |
TOP OF THE 5TH |
Randall HS Raiders batting - Pitching for H.H. Dow HS Chargers : RHP Sergio Romero
|
Batting: RHB Bryant von Bohlen
|
0-0: Ball 1-0: Ground out 6-3 (Groundball, 6)
|
Batting: RHB Rod Daniels
|
0-0: Swinging Strike 0-1: Swinging Strike 0-2: Ball 1-2: Foul Ball, location: 2F 1-2: Ball 2-2: Ball 3-2: Foul Ball, location: 2F 3-2: Strikes out swinging
|
Batting: RHB Rob Cooper
|
0-0: Ball 1-0: Foul Ball, location: 2F 1-1: Foul Ball, location: 2F 1-2: SINGLE (Groundball, 6MD)
|
Pitching: RHP Stu Morris
|
|
Batting: SHB Bryan Long
|
0-0: Ball Rob Cooper steals 2nd base Reached via error on a dropped throw, E1 Rob Cooper to third
|
Batting: RHB Tim Glendonwyn
|
0-0: Ball 1-0: Ball 2-0: Called Strike 2-1: Ground out 5-3 (Groundball, 56S)
|
Top of the 5th over - 0 run(s), 1 hit(s), 1 error(s), 2 left on base; Randall HS 5 - H.H. Dow HS 1 |
BOTTOM OF THE 5TH |
H.H. Dow HS Chargers batting - Pitching for Randall HS Raiders : RHP Millard Manning
|
Batting: LHB Larry Battle
|
0-0: Called Strike 0-1: Foul Ball, location: 2F 0-2: Foul Ball, location: 2F 0-2: Strikes out looking
|
Batting: LHB Gary Powers
|
0-0: Ball 1-0: Ball 2-0: Ball 3-0: Swinging Strike 3-1: Called Strike 3-2: Strikes out swinging
|
Batting: RHB Kris Ballard
|
0-0: Called Strike 0-1: SINGLE (Groundball, 34D)
|
Batting: RHB Matt Osborne
|
0-0: Ball 1-0: SINGLE (Groundball, 5L) Kris Ballard to second
|
Batting: SHB Caden Keith
|
0-0: Called Strike 0-1: Ball 1-1: Ball 2-1: Ball 3-1: SINGLE (Groundball, 56D) Kris Ballard to third Matt Osborne to second Runner from 3rd tries for Home, SAFE, no throw or cutoff
|
Batting: LHB José Morales
|
0-0: Ball 1-0: Called Strike 1-1: Ball 2-1: Fly out, F8 (Flyball, 8LM)
|
Bottom of the 5th over - 1 run(s), 3 hit(s), 0 error(s), 2 left on base; Randall HS 5 - H.H. Dow HS 2 |
TOP OF THE 6TH |
Randall HS Raiders batting - Pitching for H.H. Dow HS Chargers : RHP Stu Morris
|
Batting: RHB Paul Liddle
|
0-0: SINGLE (Line Drive, 6M)
|
Batting: LHB Tom Craft
|
0-0: Foul Ball, location: 2F 0-1: Ball 1-1: Ball 2-1: Fly out, F7 (Flyball, 78M)
|
Batting: RHB Earl Godwin
|
0-0: Ball 1-0: Ball 2-0: Ball 3-0: Base on Balls Paul Liddle to second
|
Batting: LHB Bo Rush
|
0-0: Ball Paul Liddle is caught stealing 3rd base Earl Godwin to second 1-0: Foul Ball, location: 2F 1-1: Ground out 4-3 (Groundball, 4)
|
Top of the 6th over - 0 run(s), 1 hit(s), 0 error(s), 1 left on base; Randall HS 5 - H.H. Dow HS 2 |
BOTTOM OF THE 6TH |
H.H. Dow HS Chargers batting - Pitching for Randall HS Raiders : RHP Millard Manning
|
Pitching: LHP Dirk McGee
|
|
Batting: RHB Jesús Domínguez
|
0-0: Called Strike 0-1: Ball 1-1: Ball 2-1: Reached on Error, E8 (Flyball, 8RM)
|
Batting: RHB Tanner Albert
|
0-0: Swinging Strike 0-1: Ball 1-1: Ball 2-1: Foul Ball, location: 2F 2-2: Foul Ball, location: 2F 2-2: Strikes out swinging
|
Batting: LHB Paul Cotton
|
0-0: Ball 1-0: Called Strike 1-1: Hit by Pitch Jesús Domínguez to second
|
Batting: LHB Larry Battle
|
0-0: Ball 1-0: Called Strike 1-1: Ball 2-1: Swinging Strike 2-2: DOUBLE (Line Drive, 7M) Jesús Domínguez scores Paul Cotton to third Runner from 3rd tries for Home, SAFE, no throw or cutoff
|
Batting: LHB Gary Powers
|
0-0: Ball 1-0: Foul Ball, location: 2F 1-1: Swinging Strike 1-2: Ball 2-2: Ball 3-2: Foul Ball, location: 2F 3-2: 2-RUN HOME RUN (Line Drive, 89XD), Distance : 425 ft
|
Pitching: RHP Jacob Coleman
|
|
Batting: RHB Kris Ballard
|
0-0: Swinging Strike 0-1: Ball 1-1: SINGLE (Line Drive, 4D)
|
Batting: RHB Matt Osborne
|
0-0: Ball 1-0: Ball 2-0: Called Strike 2-1: Foul Ball, location: 2F 2-2: Fly out, F8 (Popup, 4MD)
|
Batting: SHB Caden Keith
|
0-0: Ball 1-0: Ball 2-0: Ball 3-0: Called Strike 3-1: Called Strike 3-2: Foul Ball, location: 2F 3-2: Strikes out swinging
|
Bottom of the 6th over - 4 run(s), 3 hit(s), 1 error(s), 1 left on base; Randall HS 5 - H.H. Dow HS 6 |
TOP OF THE 7TH |
Randall HS Raiders batting - Pitching for H.H. Dow HS Chargers : RHP Stu Morris
|
Batting: RHB Bryant von Bohlen
|
0-0: Called Strike 0-1: Foul Ball, location: 2F 0-2: Strikes out swinging
|
Batting: RHB Rod Daniels
|
0-0: Ball 1-0: Called Strike 1-1: Fly out, F9 (Flyball, 9M)
|
Batting: RHB Rob Cooper
|
0-0: Called Strike 0-1: Ground out 6-3 (Groundball, 6M)
|
Top of the 7th over - 0 run(s), 0 hit(s), 0 error(s), 0 left on base; Randall HS 5 - H.H. Dow HS 6 |
BOTTOM OF THE 7TH |
H.H. Dow HS Chargers batting - Pitching for Randall HS Raiders : RHP Jacob Coleman
|
Batting: LHB José Morales
|
0-0: Ball 1-0: Swinging Strike 1-1: Foul Ball, location: 2F 1-2: Foul Ball, location: 2F 1-2: Ground out 4-3 (Groundball, 4)
|
Batting: RHB Jesús Domínguez
|
0-0: Called Strike 0-1: Ball 1-1: Foul Ball, location: 2F 1-2: Strikes out swinging
|
Batting: RHB Tanner Albert
|
0-0: Ball 1-0: SINGLE (Line Drive, 6MD)
|
Batting: LHB Paul Cotton
|
0-0: Called Strike 0-1: Ball 1-1: Foul Ball, location: 2F 1-2: Ball 2-2: Foul Ball, location: 2F 2-2: Strikes out swinging
|
Bottom of the 7th over - 0 run(s), 1 hit(s), 0 error(s), 1 left on base; Randall HS 5 - H.H. Dow HS 6 |
TOP OF THE 8TH |
Randall HS Raiders batting - Pitching for H.H. Dow HS Chargers : RHP Stu Morris
|
Pitching: RHP David Fletcher
|
|
Now at C: John Small
|
|
Batting: SHB Bryan Long
|
0-0: Called Strike 0-1: Ball 1-1: Swinging Strike 1-2: Ball 2-2: Foul Ball, location: 2F 2-2: Ball 3-2: Strikes out swinging
|
Pitching: RHP Raymond Gregg
|
|
Batting: RHB Tim Glendonwyn
|
0-0: Ball 1-0: Called Strike 1-1: Ball 2-1: Fly out, F3 (Popup, 3S)
|
Batting: RHB Paul Liddle
|
0-0: Foul Ball, location: 2F 0-1: Ball 1-1: Swinging Strike 1-2: Ball 2-2: Foul Ball, location: 2F 2-2: Strikes out looking
|
Top of the 8th over - 0 run(s), 0 hit(s), 0 error(s), 0 left on base; Randall HS 5 - H.H. Dow HS 6 |
BOTTOM OF THE 8TH |
H.H. Dow HS Chargers batting - Pitching for Randall HS Raiders : RHP Jacob Coleman
|
Batting: LHB Larry Battle
|
0-0: Called Strike 0-1: Ball 1-1: Fly out, F8 (Flyball, 8LM)
|
Pitching: LHP Juan Morán
|
|
Batting: LHB Gary Powers
|
0-0: Foul Ball, location: 2F 0-1: SOLO HOME RUN (Line Drive, 9LD), Distance : 345 ft
|
Batting: RHB Kris Ballard
|
0-0: Called Strike 0-1: Swinging Strike 0-2: Ball 1-2: Foul Ball, location: 2F 1-2: Ball 2-2: Ball 3-2: Foul Ball, location: 2F 3-2: TRIPLE (Groundball, 3L)
|
Batting: RHB Matt Osborne
|
0-0: Called Strike 0-1: Swinging Strike 0-2: Ball 1-2: Strikes out looking
|
Batting: SHB Caden Keith
|
0-0: Ground out 4-3 (Groundball, 4M)
|
Bottom of the 8th over - 1 run(s), 2 hit(s), 0 error(s), 1 left on base; Randall HS 5 - H.H. Dow HS 7 |
TOP OF THE 9TH |
Randall HS Raiders batting - Pitching for H.H. Dow HS Chargers : RHP Raymond Gregg
|
Pitching: RHP Mack Rhodes
|
|
Batting: LHB Tom Craft
|
0-0: Foul Ball, location: 2F 0-1: SINGLE (Groundball, 56)
|
Batting: RHB Earl Godwin
|
0-0: Ball 1-0: Foul Ball, location: 2F 1-1: Called Strike 1-2: SINGLE (Line Drive, 56D) Tom Craft to second
|
Batting: LHB Bo Rush
|
0-0: Ball 1-0: Called Strike 1-1: Called Strike 1-2: DOUBLE (Line Drive, 3L) Tom Craft scores Earl Godwin to third Runner from 3rd tries for Home, SAFE, no throw or cutoff
|
Batting: RHB Bryant von Bohlen
|
0-0: Called Strike 0-1: Ball 1-1: Swinging Strike 1-2: Strikes out swinging
|
Batting: RHB Rod Daniels
|
0-0: Intentional Walk
|
Batting: RHB Rob Cooper
|
0-0: Ball 1-0: Called Strike 1-1: Fly out, F3 (Popup, 3F)
|
Batting: SHB Bryan Long
|
0-0: Ball 1-0: Called Strike 1-1: Called Strike 1-2: Fly out, F5 (Line Drive, 5S)
|
Top of the 9th over - 2 run(s), 3 hit(s), 0 error(s), 2 left on base; Randall HS 7 - H.H. Dow HS 7 |
BOTTOM OF THE 9TH |
H.H. Dow HS Chargers batting - Pitching for Randall HS Raiders : LHP Juan Morán
|
Pitching: RHP Ben Hepworth
|
|
Batting: LHB José Morales
|
0-0: Ground out 4-3 (Groundball, 4)
|
Batting: RHB Jesús Domínguez
|
0-0: Called Strike 0-1: Called Strike 0-2: Strikes out swinging
|
Batting: RHB John Small
|
0-0: Fly out, F9 (Flyball, 89M)
|
Bottom of the 9th over - 0 run(s), 0 hit(s), 0 error(s), 0 left on base; Randall HS 7 - H.H. Dow HS 7 |
TOP OF THE 10TH |
Randall HS Raiders batting - Pitching for H.H. Dow HS Chargers : RHP Mack Rhodes
|
Batting: RHB Tim Glendonwyn
|
0-0: Ball 1-0: Ball 2-0: Called Strike 2-1: Foul Ball, location: 2F 2-2: Strikes out swinging
|
Batting: RHB Paul Liddle
|
0-0: Ball 1-0: Ball 2-0: Ball 3-0: Called Strike 3-1: Base on Balls
|
Pinch Hitting: LHB Carlos Valentín
|
0-0: Foul Ball, location: 2F 0-1: SINGLE (Groundball, 4M) Paul Liddle to second
|
Batting: RHB Earl Godwin
|
0-0: Called Strike 0-1: Ball 1-1: Foul Ball, location: 2F 1-2: Ball 2-2: Ball 3-2: Strikes out swinging
|
Batting: LHB Bo Rush
|
0-0: Ball 1-0: Swinging Strike 1-1: Ball 2-1: Ball 3-1: Base on Balls Paul Liddle to third Carlos Valentín to second
|
Batting: RHB Bryant von Bohlen
|
0-0: Ball 1-0: Ball 2-0: Ball 3-0: Called Strike 3-1: Base on Balls Paul Liddle scores Carlos Valentín to third Bo Rush to second
|
Pitching: RHP Ken Tabb
|
|
Batting: RHB Rod Daniels
|
0-0: Called Strike 0-1: Swinging Strike 0-2: Ball 1-2: Foul Ball, location: 2F 1-2: Ball 2-2: Strikes out swinging
|
Top of the 10th over - 1 run(s), 1 hit(s), 0 error(s), 3 left on base; Randall HS 8 - H.H. Dow HS 7 |
|